 Dungeon Crawl Stone Soup version 0.22-a0-460-g49b1da7 (webtiles) character file.

95 4thArraOfDagon the Slasher (level 4, 0/41 HPs)
             Began as a Minotaur Monk on June 9, 2018.
             Slain by a frilled lizard (1 damage)
             ... on level 3 of the Dungeon.
             The game lasted 00:01:19 (241 turns).

4thArraOfDagon the Slasher (Minotaur Monk)           Turns: 241, Time: 00:01:21

Health: 0/41       AC:  2    Str: 15    XL:     4   Next: 39%
Magic:  3/3        EV: 14    Int:  8    God:
Gold:   4          SH:  0    Dex: 15    Spells: 3/3 levels left

rFire    . . .     SeeInvis .   f - +2 dagger (venom)
rCold    . . .     Gourm    .   (no shield)
rNeg     . . .     Faith    .   b - +0 robe
rPois    .         Spirit   .   (helmet restricted)
rElec    .         Reflect  .   (no cloak)
rCorr    .         Harm     .   (no gloves)
MR       .....                  (no boots)
Stlth    ++........             (no amulet)
HPRegen  0.13/turn              g - +2 ring of dexterity
MPRegen  0.08/turn              (no ring)

@: no status effects
A: retaliatory headbutt, horns 2
a: no special abilities


You were on level 3 of the Dungeon.
You were not hungry.

You visited 1 branch of the dungeon, and saw 4 of its levels.

You collected 4 gold pieces.

Inventory:

Hand Weapons
 a - a +0 falchion
 f - a +2 dagger of venom (weapon)
Armour
 b - a +0 robe (worn)
Jewellery
 g - a +2 ring of dexterity (left hand)
Scrolls
 d - 3 scrolls of identify
Potions
 e - 2 potions of might
Comestibles
 c - a ration


   Skills:
 + Level 4.4 Fighting
 * Level 5.1 Long Blades
 + Level 4.0 Dodging
 - Level 1.5 Stealth


You had 3 spell levels left.
You didn't know any spells.
Your spell library was empty.

Dungeon Overview and Level Annotations

Branches:
Dungeon (4/15)
 Temple: D:4-7

Altars:

Annotations:
D:3 Muffinman's ghost, amateur GrFi


Innate Abilities, Weirdness & Mutations

You reflexively headbutt those who attack you in melee.
You have a pair of horns on your head.


Message History

Muffinman's ghost completely misses you.
Found 6 gold pieces.
An adder comes into view.
A frilled lizard comes into view.
Found an escape hatch in the floor.
The frilled lizard hisses angrily.
Unknown command.
Unknown command.
As you read the scroll labeled XOROOJ VOMARICW, it crumbles to dust.
It is a scroll of identify.
You don't have any unidentified items.
Muffinman's ghost barely misses you. You furiously retaliate!
You headbutt Muffinman's ghost, but do no damage.
Unknown command.
Okay, then.
The frilled lizard bites you.
* * * LOW HITPOINT WARNING * * *
Unknown command.
The frilled lizard bites you.
You die...

####### #.....# ######
##.$...# #....#
####...S..#######.##.#
................#.##.###
........................
#>...lW#####...######
#...@..# ##..##....
#...#### #..##.### #...
#..# #.. #... ##.# #.#
..... #%# # # ...... ..
# ....... .. # ....... .
.


You could see Muffinman's ghost, an adder (wandering) and a frilled lizard.

Vanquished Creatures
  An ogre (D:2)
  A leopard gecko (D:1)
  2 giant cockroaches (D:2)
  A goblin (D:2)
  A hobgoblin (D:1)
  A quokka (D:2)
  A bat (D:1)
  A frilled lizard (D:2)
  2 kobolds
  A rat (D:1)
12 creatures vanquished.

Notes
Turn   | Place    | Note
-------+----------+-------------------------------------------
     0 | D:1      | 4thArraOfDagon the Minotaur Monk began the quest for the Orb.
     0 | D:1      | Reached XP level 1. HP: 19/19 MP: 0/0
    94 | D:2      | Reached skill level 4 in Long Blades
   114 | D:2      | Noticed an ogre
   115 | D:2      | Reached XP level 2. HP: 13/27 MP: 1/1
   158 | D:2      | Killed an ogre
   158 | D:2      | Reached skill level 5 in Long Blades
   158 | D:2      | Reached XP level 3. HP: 4/34 MP: 2/2
   158 | D:2      | Reached XP level 4. HP: 4/41 MP: 3/3
   218 | D:3      | Noticed Muffinman's ghost (amateur GrFi)
   221 | D:3      | HP: 1/41 [Muffinman's ghost (11)]
   240 | D:3      | HP: 1/41 [frilled lizard (2)]
   241 | D:3      | Slain by a frilled lizard

Vault maps used:
D:1:      dpeg_arrival_erosion
D:3:      grunt_ministairs_8
D:4:      minitemple, serial_shops, nicolae_shop_overgrown_old_shop,
          uniq_eustachio

Skill      XL: |  1  2 |
---------------+-------+-----
Long Blades    | 4 5 |  5.1
Fighting       | 4 |  4.4
Dodging        | 4 |  4.0
Stealth        | |  1.5

Action                   |  1- 3 |  4- 6 || total
-------------------------+-------+-------++-------
Melee: Falchion          |     5 |       ||     5
       Dagger            |     6 |     2 ||     8
       Headbutt          |     1 |       ||     1
  Use: Potion            |     3 |       ||     3
       Scroll            |       |     1 ||     1
Armor: Robe              |     2 |       ||     2
Dodge: Dodged            |    15 |     4 ||    19
       Rpst.: Falchion   |     1 |       ||     1

Table legend:
 A = Spawn XP
 B = Non-spawn XP
 C = Spawn XP percentage of total XP
 D = Spawn monster count
 E = Non-spawn monster count
 F = Spawn count percentage of total count
 G = Total turns spent on level
                    A         B        C        D         E        F      G
               +---------+---------+-------+---------+---------+-------+---------
         Total |       0 |     136 |   0.0 |       0 |      12 |   0.0 |   241
               +---------+---------+-------+---------+---------+-------+---------
           D:1 |       0 |       7 |   0.0 |       0 |       4 |   0.0 |    67
           D:2 |       0 |     128 |   0.0 |       0 |       7 |   0.0 |   125
           D:3 |       0 |       1 |   0.0 |       0 |       1 |   0.0 |    47
               +---------+---------+-------+---------+---------+-------+---------
